 Dungeon Crawl Stone Soup version 0.18-a0-1485-g189885c (webtiles) character file.

294 Tomstefer the Chopper (level 6, -18/73 HPs)
             Began as a Human Berserker on Mar 3, 2016.
             Was a Priest of Trog.
             Killed from afar by Inverse's ghost (24 damage)
             ... with a bolt of negative energy
             ... on level 4 of the Dungeon.
             The game lasted 00:06:06 (3946 turns).

Tomstefer the Chopper (Human Berserker)             Turns: 3946, Time: 00:06:06

Health: -18/73     AC:  6    Str: 23    XL:     6   Next: 60%
Magic:  6/6        EV: 10    Int:  7    God:    Trog [***...]
Gold:   148        SH:  0    Dex: 14    Spells: 0 memorised, 5 levels left

rFire  . . .     SeeInvis .     j - +0 war axe
rCold  + . .     Gourm    .     v - +0 ring mail {rC+}
rNeg   . . .     Faith    .     (no shield)
rPois  .         Spirit   .     (no helmet)
rElec  .         Dismiss  .     s - +0 cloak
rCorr  .         Reflect  .     (no gloves)
SustAt .         Harm     .     (no boots)
MR     .....                    (no amulet)
Stlth  ..........               (no ring)
                                (no ring)

@: berserking, heavily drained, very quick, not resistant to hostile
enchantments, extremely unstealthy
A: no striking features
a: Berserk, Trog's Hand, Burn Spellbooks, Renounce Religion


You were on level 4 of the Dungeon.
You worshipped Trog.
Trog was most pleased with you.
You were not hungry.

You visited 1 branch of the dungeon, and saw 4 of its levels.

You collected 148 gold pieces.

Inventory:

Hand Weapons
 a - a +0 hand axe
 j - a +0 war axe (weapon)
Armour
 s - a +0 cloak (worn)
 v - a +0 ring mail of cold resistance (worn)
Wands
 y - a wand of confusion (18/48)
Scrolls
 e - 3 scrolls of remove curse {unknown}
 g - 5 scrolls of teleportation {unknown}
 h - 11 scrolls of identify {unknown}
 k - a scroll of fear {unknown}
 o - a scroll of enchant weapon {unknown}
 p - a scroll of noise {unknown}
 u - a scroll of fog {unknown}
Potions
 d - 4 potions of cancellation {unknown}
 i - a potion of cure mutation {unknown}
 l - a potion of flight {unknown}
 m - a potion of brilliance {unknown}
 n - a potion of heal wounds {unknown}
 r - 7 potions of curing {unknown}
 x - a potion of mutation {unknown}
Books
 w - a book of the Earth

   Spells                             Type                      Level
   a - Leda's Liquefaction            Hexes/Earth                  4
   b - Bolt of Magma                  Conjuration/Fire/Earth       5
   c - Statue Form                    Transmutation/Earth          6
   d - Iron Shot                      Conjuration/Earth            6
   e - Shatter                        Earth                        9
   Trog disapproves of the use of such an item.
Comestibles
 b - a slice of pizza
 c - 2 bread rations
 f - 2 meat rations
 q - 9 fruits
 t - a royal jelly
 z - 3 chunks of flesh


   Skills:
 + Level 4.6(2.8) Fighting
 * Level 5.9(4.0) Axes
 - Level 2.0(0.3) Armour
 - Level 2.0(0.3) Dodging


You had 5 spell levels left.
You didn't know any spells.

Dungeon Overview and Level Annotations

Branches:
Dungeon (4/15)
 Temple: D:4-7

Altars:

Annotations:
D:4 Inverse's ghost, novice DrAr


Message History

Inverse's ghost turns its malevolent gaze towards you.
Inverse's ghost breathes negative energy at you.
The bolt of negative energy hits you!
You feel drained.
Ouch! That really hurt!
A red film seems to cover your vision as you go berserk!
You feel yourself moving faster!
You feel mighty!
You feel somewhat more hungry.
You hit Inverse's ghost.
Inverse's ghost is lightly damaged.
Inverse's ghost breathes negative energy at you.
The bolt of negative energy hits you!
You feel drained.
* * * LOW HITPOINT WARNING * * *
You are too injured to fight recklessly!
You are too injured to fight recklessly!
You are too injured to fight recklessly!
You slash Inverse's ghost!
Inverse's ghost is lightly damaged.
Inverse's ghost breathes negative energy at you.
The bolt of negative energy hits you!
You feel drained.
You die...

..... #### .....
###..### .....
###......###
#..####....##....####
#.........####.......
#. #.......###
#..##..# #..####'####
##...... '..........#
#...... #..##.W@..##
#...... #....%#
#...... #.....#
#...... #......#
#...... #......#
#...... .........#
##.....# #......
.........# #.....#
#...... .........#
#############+#......
.........#
#....................


You could see Inverse's ghost.

Vanquished Creatures
  An orc priest (D:3)
  An orc wizard (D:3)
  Ijyb (D:2)
  Terence (D:2)
  A worker ant (D:4)
  6 adders
  An ooze (D:2)
  A worm (D:3)
  2 dart slugs (D:1)
  2 giant geckos
  9 orcs (D:3)
  2 ball pythons
  5 giant cockroaches
  7 goblins
  13 hobgoblins
  9 kobolds
  3 quokkas (D:2)
  4 bats
  12 giant newts
  9 rats
90 creatures vanquished.

Notes
Turn   | Place    | Note
--------------------------------------------------------------
     0 | D:1      | Tomstefer the Human Berserker began the quest for the Orb.
     0 | D:1      | Reached XP level 1. HP: 18/18 MP: 1/1
   140 | D:1      | Reached XP level 2. HP: 24/24 MP: 2/2
   408 | D:1      | Reached XP level 3. HP: 26/29 MP: 3/3
   685 | D:1      | Reached ** piety under Trog
  1112 | D:2      | Reached skill level 4 in Axes
  1127 | D:2      | Noticed Terence
  1148 | D:2      | Killed Terence
  1148 | D:2      | Reached XP level 4. HP: 14/37 MP: 4/4
  1729 | D:2      | Reached XP level 5. HP: 38/42 MP: 5/5
  1753 | D:2      | Noticed Ijyb
  1777 | D:2      | Killed Ijyb
  2666 | D:3      | Reached *** piety under Trog
  2683 | D:3      | Reached skill level 5 in Axes
  2746 | D:3      | Reached XP level 6. HP: 15/49 MP: 6/6
  3941 | D:4      | Noticed Inverse's ghost (novice DrAr)
  3946 | D:4      | Killed from afar by Inverse's ghost

Vault maps used:
D:1:      nagdon_arrival_double_spiral
D:2:      minmay_newt_pond, uniq_terence, uniq_iyjb
D:3:      first_bread, kennysheep_generic_room_7
D:4:      minmay_misc_feat_x, grunt_ministairs_11, uniq_natasha

Skill      XL: |  1  2  3  4  5 |
---------------+----------------+-----
Axes           | 4 5 |  5.9
Fighting       | 4 |  4.6
Armour         | |  2.0
Dodging        | |  2.0

Action                   |  1- 3 |  4- 6 || total
-------------------------+-------+-------++-------
Melee: Hand axe          |    96 |   186 ||   282
       War axe           |       |    29 ||    29
Invok: Berserk           |     2 |     4 ||     6
  Eat: Chunk             |     2 |    13 ||    15
